Map: Ruins of Seras

Players

HTOMario - Winner!

  • Race: Terran Terran
  • League: Grandmaster

ProtossScum

  • Race: Terran Terran
  • League: Master

VOD

Have the link to the VOD?

Description

Time

  • Played on: Dec. 6, 2015, 1:25 p.m.
  • Length: 15:56
Show
View Real Time Build Order
Export as new Build Order

HTOMario Terran - Winner!

Build Orders: Reaper Expand, Bio Tank 

Get SALT Encoding   

  12  0:01  SCV  
  13  0:13  SCV  
  14  0:19  Supply Depot  
  14  0:25  SCV  
  15  0:40  SCV  
  16  0:47  Barracks  
  16  0:48  Refinery  
  16  0:52  SCV  
  17  1:04  SCV  
  18  1:17  SCV  
  19  1:33  Orbital Command  
  19  1:36  Reaper  
  20  1:46  Command Center  
  20  1:56  Supply Depot  
  20  1:58  SCV  
  21  2:07  Marine  
  22  2:15  SCV  
  22  2:16  Factory  
  22  2:22  Refinery  
  23  2:26  Marine  
  24  2:30  SCV  
  25  2:42  SCV  
  26  2:51  Marine  
  26  2:55  SCV  
  28  3:00  Starport  
  28  3:01  Orbital Command, Widow Mine  
  30  3:07  SCV  
  30  3:11  Marine  
  32  3:19  Supply Depot, SCV  
  33  3:30  SCV  
  33  3:31  SCV  
  33  3:33  Marine, Factory Tech Lab  
  36  3:38  Medivac  
  38  3:42  SCV  
  38  3:43  Supply Depot, SCV  
  40  3:51  Marine  
  40  3:54  SCV, Siege Tank  
  40  3:55  SCV  
  46  4:06  SCV  
  46  4:12  Viking  
  46  4:16  Barracks Reactor  
  48  4:20  SCV x2  
  48  4:21  Command Center  
  50  4:24  Engineering Bay  
  50  4:31  Siege Tank  
  53  4:35  SCV x2  
  55  4:39  Refinery  
  55  4:40  Refinery  
  57  4:47  SCV x2  
  57  4:52  Barracks  
  57  4:53  Marine x2  
  57  4:54  Barracks  
  57  4:58  Medivac  
  57  4:59  SCV  
  62  5:21  SCV x2  
  61  5:25  Siege Tank, Marine x2  
  61  5:33  SCV  
  61  5:34  SCV  
  49  5:45  SCV  
  49  5:47  SCV  
  49  5:57  Siege Tank, SCV, Marine x2  
  49  5:58  Barracks Tech Lab x2  
  49  5:59  SCV  
  56  6:05  Refinery x2  
  56  6:09  SCV  
  56  6:10  Supply Depot  
  56  6:11  SCV  
  58  6:12  Supply Depot  
  58  6:21  SCV  
  58  6:23  SCV, Marine x2  
  58  6:25  Marine x2  
  62  6:28  Orbital Command, Stimpack  
  62  6:33  SCV  
  62  6:35  Supply Depot, SCV  
  62  6:36  Supply Depot, Terran Infantry Weapons Level 1  
  64  6:41  Marine  
  64  6:45  SCV  
  66  6:47  SCV  
  66  6:51  Siege Tank  
  66  6:53  Marine x3  
  73  6:57  Starport Reactor  
  73  6:58  SCV  
  73  6:59  SCV, Marine  
  73  7:00  Barracks x2  
  76  7:03  SCV  
  77  7:08  Supply Depot  
  77  7:10  SCV  
  77  7:11  SCV  
  77  7:13  Marine x2  
  77  7:14  Marine  
  77  7:15  SCV  
  83  7:16  Combat Shields  
  83  7:22  SCV  
  84  7:23  SCV  
  84  7:24  Siege Tank  
  84  7:27  SCV  
  84  7:29  Supply Depot  
  89  7:30  Supply Depot  
  89  7:34  Medivac x2  
  93  7:38  Marine x3  
  93  7:39  Marine  
  93  7:41  Supply Depot  
  93  7:43  SCV x2  
  99  7:45  SCV  
  100  7:54  Barracks Reactor x2  
  100  7:56  Siege Tank  
  100  7:57  Supply Depot  
  103  8:00  Supply Depot, SCV x2  
  103  8:01  SCV  
  103  8:04  Marine x2  
  108  8:07  Marine  
  108  8:08  Marine  
  110  8:13  Supply Depot  
  110  8:14  Supply Depot  
  110  8:22  Marine x2  
  110  8:25  Marine x2  
  114  8:27  SCV x2  
  114  8:28  Siege Tank, Barracks, Factory  
  114  8:31  Marine  
  119  8:38  Missile Turret  
  119  8:39  SCV x2  
  119  8:40  Missile Turret, Terran Infantry Armor Level 1, Marine x2  
  123  8:43  Marine x2  
  123  8:46  SCV  
  123  8:48  Refinery x2, Marine x2  
  128  8:51  SCV  
  128  8:55  SCV  
  130  8:57  Medivac x2  
  130  8:58  SCV, Marine  
  130  8:59  Marine x2  
  138  9:03  SCV  
  138  9:07  SCV  
  140  9:17  Factory Tech Lab  
  140  9:18  Barracks Reactor  
  140  9:22  Command Center  
  140  9:26  Engineering Bay, Marine x2  
  140  9:27  Marine x2  
  140  9:28  Armory  
  144  9:34  Marine x3  
  142  9:38  SCV x2  
  133  9:47  Marine x2  
  133  9:48  Marine x2  
  127  9:53  Marine x2  
  127  9:54  Marine  
  127  9:55  Marine x2  
  127  9:59  SCV x2  
  124  10:00  SCV  
  121  10:09  Marine x5  
  121  10:10  Siege Tank  
  121  10:11  SCV  
  130  10:23  SCV x2  
  130  10:27  SCV  
  133  10:34  Supply Depot  
  133  10:35  Supply Depot, SCV  
  134  10:37  Terran Infantry Weapons Level 2  
  134  10:38  Terran Infantry Armor Level 2  
  134  10:57  SCV x2  
  136  11:06  SCV  
  136  11:09  SCV  
  136  11:11  Marine x3  
  138  11:17  Marine x2  
  143  11:22  Marine  
  143  11:23  Medivac x2, Marine x2  
  143  11:25  Terran Vehicle Weapons Level 1  
  150  11:29  SCV x2  
  152  11:40  Marine x2  
  106  12:00  Marine  
  106  12:01  Marine x7  
  103  12:02  Medivac x2, Siege Tank x2  
  120  12:15  Planetary Fortress  
  118  12:21  Marine  
  118  12:22  Marine x9  
  128  12:33  SCV  
  128  12:34  SCV  
  130  12:39  Marine  
  130  12:40  Marine x5  
  122  12:52  Marine x2  
  106  13:02  Marine x7  
  106  13:03  Siege Tank x2  
  119  13:07  Terran Infantry Armor Level 3, Terran Infantry Weapons Level 3  
  119  13:08  SCV x3  
  119  13:09  SCV  
  119  13:10  Marine  
  119  13:11  Marine x2  
  126  13:13  Medivac x2  
  126  13:17  Barracks  
  126  13:19  Barracks  
  130  13:20  Barracks  
  130  13:27  Marine  
  130  13:28  Marine x2  
  133  13:35  Siege Tank x2  
  133  13:36  Command Center  
  133  13:39  Marine  
  134  13:46  Marine x4  
  134  13:47  Marine  
  134  13:48  Marine x2  
  141  13:51  Marine  
  146  14:01  Marine x2  
  148  14:04  Marine  
  148  14:06  SCV x3  
  148  14:07  Siege Tank x2  
  148  14:09  Marine x7  
  161  14:19  Marine x2  
  161  14:21  Barracks Reactor x2  
  161  14:22  Marine  
  164  14:24  Barracks Reactor, Factory  
  164  14:25  Refinery  
  164  14:27  Marine x3  
  164  14:28  Refinery  
  164  14:30  Marine x3  
  170  14:32  Marine  
  170  14:36  Marine  
  172  14:39  Siege Tank  
  172  14:44  Marine x3  
  172  14:45  Marine, Siege Tank, Sensor Tower  
  182  14:48  Planetary Fortress  
  182  14:49  Missile Turret  
  182  15:11  Marine  
  182  15:12  Marine x2  
  182  15:13  Marine  
  186  15:14  Marine x3  
  186  15:15  Siege Tank  
  186  15:16  Marine x3  
  186  15:17  Siege Tank, Factory Tech Lab  
  198  15:28  Marine  
Show
View Real Time Build Order
Export as new Build Order

ProtossScum Terran 

Build Orders: Liberator Opening, MMM Bio 

Get SALT Encoding   

  12  0:03  SCV  
  13  0:15  SCV  
  13  0:18  Supply Depot  
  14  0:27  SCV  
  15  0:40  SCV  
  15  0:41  Barracks  
  16  0:45  Refinery  
  16  0:52  SCV  
  17  1:04  SCV  
  18  1:16  SCV  
  19  1:28  SCV  
  20  1:35  Barracks Reactor  
  20  1:36  Supply Depot  
  20  1:40  Orbital Command  
  20  1:56  Command Center  
  20  2:08  SCV  
  21  2:11  Marine x2  
  23  2:16  Factory  
  23  2:20  Refinery  
  23  2:21  SCV  
  24  2:29  Marine x2  
  26  2:37  SCV  
  27  2:39  Supply Depot  
  27  2:47  Marine x2  
  27  2:49  SCV  
  30  3:01  Factory Reactor, SCV, Starport  
  31  3:10  Orbital Command  
  31  3:13  SCV  
  31  3:14  Marine  
  31  3:16  Marine  
  34  3:29  Liberator  
  34  3:34  Marine x2  
  36  3:43  SCV  
  36  3:46  Medivac  
  36  3:47  Factory Tech Lab  
  42  3:51  Orbital Command  
  42  3:52  Marine x2  
  42  3:55  SCV  
  45  4:07  SCV  
  45  4:09  Siege Tank  
  49  4:10  Marine x2  
  49  4:16  Supply Depot  
  51  4:19  Supply Depot, SCV  
  52  4:27  Marine x2  
  54  4:32  Supply Depot  
  54  4:38  SCV x2  
  56  4:43  Supply Depot  
  56  4:50  SCV x2  
  57  5:02  SCV x2  
  57  5:03  Barracks  
  55  5:22  SCV x2  
  52  5:34  SCV x2  
  47  5:45  Barracks x2  
  47  5:46  SCV x2  
  47  5:47  Engineering Bay  
  45  5:53  Stimpack  
  42  5:57  Barracks  
  42  5:58  SCV  
  42  5:59  SCV, Factory Tech Lab  
  44  6:07  Starport Reactor  
  44  6:10  SCV  
  44  6:11  SCV  
  46  6:23  SCV x2  
  48  6:28  Refinery x2  
  48  6:33  Missile Turret, Barracks Reactor  
  48  6:34  Barracks Reactor  
  48  6:35  SCV x2, Marine  
  48  6:36  Marauder, Marine  
  54  6:46  Medivac  
  56  6:47  SCV x2  
  56  6:52  Command Center  
  56  6:53  Marine x2  
  60  6:57  Missile Turret, Marine  
  60  6:58  Missile Turret  
  60  6:59  SCV x2  
  63  7:02  Siege Tank  
  66  7:10  Supply Depot, Marine x3  
  66  7:11  SCV x2, Marine x2  
  73  7:17  Medivac  
  73  7:18  Medivac  
  77  7:23  SCV  
  77  7:29  Supply Depot, SCV  
  79  7:30  Supply Depot, Terran Infantry Weapons Level 1  
  79  7:35  SCV  
  80  7:38  Marine x4  
  80  7:39  Marine x2  
  86  7:46  Armory  
  86  7:48  Engineering Bay  
  86  7:49  Medivac  
  88  7:53  SCV  
  88  7:54  SCV  
  90  8:00  Marine  
  90  8:01  Marine x3  
  94  8:06  SCV x2, Planetary Fortress  
  96  8:16  Missile Turret  
  96  8:17  Siege Tank  
  96  8:18  SCV  
  100  8:21  Combat Shields  
  100  8:26  Marine x3  
  100  8:27  Marine x3  
  102  8:31  SCV  
  102  8:32  SCV  
  108  8:39  Terran Infantry Armor Level 1  
  108  8:40  Terran Vehicle Weapons Level 1  
  108  8:43  SCV  
  108  8:44  SCV  
  110  8:58  Marine x2  
  110  8:59  Marauder, Marine x3  
  110  9:00  SCV x3, Siege Tank  
  110  9:02  Refinery  
  123  9:03  Refinery  
  123  9:12  SCV  
  122  9:25  SCV x3  
  120  9:35  Marine  
  120  9:36  Marine x4  
  120  9:37  Marauder, Command Center  
  125  9:41  SCV  
  102  10:00  Liberator x2  
  99  10:10  Marine  
  99  10:11  Marine x5  
  99  10:12  Marauder  
  99  10:13  Siege Tank  
  110  10:17  Supply Depot  
  110  10:19  Supply Depot x2  
  116  10:29  Terran Infantry Weapons Level 2  
  116  10:43  Liberator x2  
  116  10:47  Siege Tank  
  119  10:51  Orbital Command  
  119  11:02  Marine x2  
  119  11:03  Marauder, Marine x2  
  131  11:19  Terran Vehicle Weapons Level 2, Marine x2  
  131  11:20  Marine x2  
  131  11:21  Terran Infantry Armor Level 2  
  131  11:25  Marauder, Barracks  
  137  11:28  Barracks  
  137  11:29  Liberator x2  
  137  11:46  Marine  
  144  11:47  Marine x4  
  123  12:09  Marine x4  
  123  12:10  Marauder, Marine  
  123  12:12  Liberator x2  
  130  12:17  Marine  
  131  12:26  SCV  
  131  12:27  SCV, Refinery x2, Marine  
  131  12:28  Marine  
  131  12:29  Marine x2  
  143  12:32  Marauder, Supply Depot  
  143  12:34  Command Center  
  98  12:59  Marine x4  
  98  13:00  Marine x3  
  98  13:04  Barracks Reactor x2  
  96  13:05  Siege Tank  
  105  13:16  Medivac  
  105  13:17  Medivac, Marine  
  105  13:18  Marauder  
  106  13:30  Marine  
  106  13:31  Marine x6  
  113  13:35  Marine  
  113  13:39  Marine  
  113  13:44  Marine x4  
  115  13:48  Marine x2  
  115  13:49  Marine x5  
  115  13:52  Liberator x2  
  122  13:57  Marauder  
  122  14:01  Planetary Fortress  
  130  14:14  SCV x3  
  133  14:25  Marine x3  
  133  14:26  SCV x3, Marine x7  
  146  14:38  SCV x3  
  148  14:39  Siege Tank  
  152  14:54  Medivac x2  
  156  15:01  Marine x2  
  156  15:02  Marine x8  
  166  15:11  Siege Tank  
  169  15:24  Marauder, Marine x8  
  169  15:25  Marine  
  180  15:32  Marine x2  
Tags
 
Add a new tag
Caveats
  • Supply blocks, unpowered buildings, or Contaminate may cause inaccurate times.
  • Supply counts are checked every 10 seconds.